 Dungeon Crawl Stone Soup version 0.20-a0-1073-g49e0d3e (webtiles) character file.

29 Rrauwl the Skirmisher (level 3, -1/31 HPs)
             Began as a Ghoul Wanderer on Apr 29, 2017.
             Slain by an adder (2 damage)
             ... on level 2 of the Dungeon.
             The game lasted 00:03:00 (961 turns).

Rrauwl the Skirmisher (Ghoul Wanderer)               Turns: 961, Time: 00:03:00

Health: -1/31      AC:  7    Str: 16    XL:     3   Next: 16%
Magic:  2/2        EV:  9    Int:  4    God:
Gold:   9          SH:  0    Dex: 11    Spells: 2/2 levels left

rFire    . . .     SeeInvis .   a - +2 hand axe
rCold    + . .     Gourm    .   (no shield)
rNeg     + + +     Faith    .   i - +0 scale mail
rPois    ∞         Spirit   .   (no helmet)
rElec    .         Reflect  .   f - +0 cloak
rCorr    .         Harm     .   (no gloves)
MR       .....     Rnd*Tele +   (no boots)
Stlth    ..........             (no amulet)
Regen    0.0/turn               h - ring of teleportation (curse)
MPRegen  0.1/turn               (no ring)

@: rotting
A: rotting body, claws 1, carnivore 3, cold resistance 1, negative energy
resistance 3, inhibited regeneration, torment resistance, unbreathing
a: no special abilities


You were on level 2 of the Dungeon.
You were not hungry.

You visited 1 branch of the dungeon, and saw 2 of its levels.

You collected 9 gold pieces.

Inventory:

Hand Weapons
 a - a +2 hand axe (weapon)
Missiles
 e - 18 bolts
Armour
 f - a +0 cloak (worn)
 i - a +0 scale mail (worn)
Jewellery
 h - a cursed ring of teleportation (left claw)
Potions
 b - 4 potions of curing
 j - a potion of flight {unknown}
Comestibles
 d - 3 meat rations


   Skills:
 + Level 3.5 Fighting
 + Level 3.1(3.2) Axes
   Level 1.0(2.2) Polearms
 - Level 1.0 Throwing
 - Level 1.0 Armour
 + Level 1.4 Dodging
 - Level 1.1 Stealth


You had 2 spell levels left.
You didn't know any spells.

Dungeon Overview and Level Annotations

Branches:
Dungeon (2/15)

Altars:


Innate Abilities, Weirdness & Mutations

Your body is rotting away.
You thrive on raw meat.
You are immune to poison.
You have sharp fingernails.
You are carnivorous and can eat meat at any time.
Your flesh is cold resistant. (rC+)
You are immune to negative energy. (rN+++)
You do not regenerate when monsters are visible.
You are immune to unholy pain and torment.
You can survive without breathing.


Message History

The adder is severely wounded.
The adder bites you but does no damage.
You miss the adder.
The adder is severely wounded.
The adder closely misses you. x2
You closely miss the adder.
The adder is severely wounded.
The adder bites you.
* * * LOW HITPOINT WARNING * * *
You miss the adder.
The adder is severely wounded.
The adder bites you but does no damage. The adder barely misses you.
You slash the adder!
You kill the adder!
You have reached level 3!
Your experience leads to an increase in your attributes!
Increase (S)trength, (I)ntelligence, or (D)exterity?
You feel stronger. The adder bites you.
You die...

.........................
........................
........................
........................
#+#....###.....)........
#.... #.....wgw.....(
#.#..........gK###....
#########S# #### #@# #.#
### #.# #.. #.# #.# #.# .
#.# # #.# . #.# #


You could see 2 worms, an adder, 2 hobgoblins and a kobold.

Vanquished Creatures
  An adder (D:2)
  A worm (D:2)
  2 dart slugs (D:1)
  3 bats
  A giant cockroach (D:1)
  3 goblins
  2 frilled lizards (D:1)
  A rat (D:1)
14 creatures vanquished.

Notes
Turn   | Place    | Note
-------+----------+-------------------------------------------
     0 | D:1      | Rrauwl the Ghoul Wanderer began the quest for the Orb.
     0 | D:1      | Rrauwl set off with: a +2 hand axe, 2 potions of curing, a +0 robe, a meat ration
     0 | D:1      | Reached XP level 1. HP: 19/19 MP: 0/0
   410 | D:1      | Reached XP level 2. HP: 26/26 MP: 1/1
   895 | D:2      | Reached skill level 1 in Dodging
   959 | D:2      | HP: 1/26 [adder (4)]
   961 | D:2      | Reached XP level 3. HP: 1/31 MP: 2/2
   961 | D:2      | Slain by an adder

Vault maps used:
D:1:      dpeg_arrival_connections, supply_closet_lemuel
D:2:      uniq_jessica

Skill      XL: |  1  2 |
---------------+-------+-----
Axes           | 3 |  3.1
Dodging        | 1 |  1.4
Fighting       | |  3.5
Polearms       | |  1.0
Throwing       | |  1.0
Armour         | |  1.0
Stealth        | |  1.1

Action                   || total
-------------------------++-------
Melee: Hand axe          ||    50
  Use: Scroll            ||     1
 Stab: Sleeping          ||     1
  Eat: Chunk             ||     5
Armor: Scale mail        ||    28
Dodge: Dodged            ||    32
